Cogmind - Beta 16.1 @@@ ROGUE MODE // 2026.02.15 @ 11:23:30 Player: Zish Result: Destroyed by G-34 Mercenary with Small Laser Performance ------------- Evolutions (0) 0 Regions Visited (1) 200 Robots Destroyed (23) 115 Value Destroyed (466) 466 Prototype IDs (0) 0 Alien Tech Used (0) 0 Bonus (0) 0 TOTAL SCORE: 781 Bonus ------- None Cogmind --------- Core Integrity 0/250 Matter 235/300 Energy 250/250 System Corruption 0% Temperature Cool (6) Movement Core (350) Ox6 Location -10/Materials Parts ------- > --- POWER (1) -------- Ion Engine > --- PROPULSION (2) --- (None) > --- UTILITY (2) ------ Medium Storage Unit Hacking Suite > --- WEAPON (2) ------- Hammer Hammer > --- INVENTORY (10) --- Ion Engine Light Ion Engine Small Storage Unit Structural Scanner Assault Rifle Light Assault Rifle Grenade Launcher Grenade Launcher Peak State ------------ > --- POWER ------------ Ion Engine > --- PROPULSION ------- Light Treads Light Treads > --- UTILITY ---------- Medium Storage Unit Hacking Suite > --- WEAPON ----------- Assault Rifle Light Assault Rifle > --- INVENTORY -------- Ion Engine Small Storage Unit Grenade Launcher [Rating: 9] Favorites ----------- Power Ion Engine Engine Ion Engine Propulsion Light Treads Treads Light Treads Utility Medium Storage Unit Storage Medium Storage Unit Hackware Hacking Suite Weapon Assault Rifle Ballistic Gun Assault Rifle Launcher Grenade Launcher Impact Weapon Hammer Build | -11 -10 ------- Run | Yrd Mat Slots Evolved . | . . Power . | . . Propulsion . | . . Utility . | . . Weapon . | . . Parts Attached 12 | 6 6 Power 2 | 1 1 Engine 2 | 1 1 Core . | . . Reactor . | . . Propulsion 2 | 2 . Treads 2 | 2 . Leg . | . . Wheel . | . . Hover . | . . Flight . | . . Utility 3 | 1 2 Device . | . . Storage 2 | 1 1 Processor . | . . Hackware 1 | . 1 Protection . | . . Artifact . | . . Weapon 5 | 2 3 Energy Gun . | . . Energy Cannon . | . . Ballistic Gun 2 | 2 . Ballistic Cannon . | . . Launcher 1 | . 1 Special Weapon . | . . Impact Weapon 2 | . 2 Slashing Weapon . | . . Piercing Weapon . | . . Special Melee Weapon . | . . Unidentified Prototypes . | . . Parts Lost 3 | . 3 Power 1 | . 1 Propulsion 2 | . 2 Utility . | . . Weapon . | . . Highest Loss Streak 1 | . 1 To Critical Strikes . | . . Average Backups 4 | . 4 Power 1 | . 1 Propulsion . | . . Utility . | . 1 Weapon 1 | . 2 Tool/Special . | . . Unused Backups 7 | . 7 Power 4 | . 4 Propulsion . | . . Utility 1 | . 1 Weapon 2 | . 2 Tool/Special . | . . Average Slot Usage (%) 81 | . 81 Engine 13 | . 13 Treads 16 | . 16 Storage 14 | . 14 Hackware 8 | . 8 Ballistic Gun 17 | . 17 Impact Weapon 9 | . 9 Peak Build Rating 9 | 6 9 Average Rating 6 | 4 6 On Entrance 3 | . 6 Avg Prop Armor Cover (%) . | . . Naked Turns . | . . Heaviest Build 20 | 13 20 Greatest Support 40 | 40 40 Greatest Overweight (x) 6 | 3 6 Average Overweight (x) 1 | . 1 Largest Inventory Capacity 10 | 8 10 Average Capacity 9 | 7 9 Most Carried 10 | 1 10 Average Carried 4 | . 4 Final Capacity 10 | 8 10 Final Carried 8 | 1 8 Class Distribution -------------------- 100% | Mutant Dominant Class ---------------- Mutant | -10/Materials Resources | -11 -10 ----------- Run | Yrd Mat Matter Collected 459 | 260 199 Remotely . | . . Salvage Created 495 | . 495 Parts 27 | . 27 Haulers Intercepted . | . . Recyclers Shooed . | . . Parts Field Recycled . | . . Retrieved Matter . | . . Parts Self-Destructed . | . . Prevented . | . . Parts Restored . | . . Kills | -11 -10 ------- Run | Yrd Mat Combat Hostiles Destroyed 16 | . 16 Melee 3 | . 3 Guns 5 | . 5 AOE 6 | . 6 Classes Destroyed 6 | . 6 Worker 5 | . 5 Operator 1 | . 1 Watcher 1 | . 1 Swarmer 6 | . 6 Grunt 9 | . 9 Subdweller 1 | . 1 Best Kill Streak 6 | . 6 Combat Bots Only 3 | . 3 Max Kills in Single Turn 4 | . 4 Gunslinging . | . . Exploded 3 | . 3 Melee 1 | . 1 Uniques/NPCs Destroyed . | . . Combat | -11 -10 -------- Run | Yrd Mat Hostile Shots Fired 86 | . 86 Missed 15 | . 15 Hits 71 | . 71 Projectile 71 | . 71 Critical Strikes 1 | . 1 Damage Taken 985 | . 985 Core 253 | . 253 Absorbed by Shields . | . . Regen/Repaired (Parts) 94 | . 94 Core Remaining (%) 100 | 100 . Volleys Fired 31 | . 31 Largest 2 | . 2 Hottest 50 | . 50 Shots Fired 58 | . 58 Gun 53 | . 53 Cannon . | . . Launcher 5 | . 5 Special . | . . Kinetic 53 | . 53 Thermal . | . . Explosive 5 | . 5 Electromagnetic . | . . Robot Hit Streak 12 | . 12 Robot Miss Streak 3 | . 3 Penetration Max . | . . Secondary Targets . | . . Shots Hit Robots 63 | . 63 Core Hits 28 | . 28 Critical Kills . | . . Critical Parts Destroyed 3 | . 3 Critical Strikes 3 | . 3 Smash 3 | . 3 Melee Attacks 30 | . 30 Impact 30 | . 30 Slashing . | . . Piercing . | . . Sneak Attacks 2 | . 2 Combat Hostiles . | . . Follow-up Attacks 2 | . 2 Damage Inflicted 1548 | . 1548 Guns 393 | . 393 Cannons . | . . Explosions 487 | . 487 Melee 668 | . 668 Ramming . | . . Kinetic 393 | . 393 Thermal . | . . Explosive 487 | . 487 Electromagnetic . | . . Impact 668 | . 668 Slashing . | . . Piercing . | . . Highest Corruption . | . . Average Corruption . | . . Corruption Purged . | . . Corruption Blocked . | . . Overload Shots . | . . Overflow Damage 128 | . 128 Projectiles . | . . Explosions 6 | . 6 Melee 122 | . 122 Knockbacks 4 | . 4 Impact 3 | . 3 Kinetic . | . . Secondary 1 | . 1 Self-Inflicted Damage 122 | . 122 Shots 4 | . 4 Rammed . | . . Targets Rammed . | . . Kicked . | . . Crushed . | . . Highest Temperature 12 | . 12 Average Temperature 6 | . 6 Received Heat Transfer 369 | . 369 Siege Activations . | . . Martial Activations . | . . Shielding Activations . | . . Robots Disrupted . | . . Combat Hostiles . | . . Robots Corrupted 3 | . 3 Combat Hostiles 2 | . 2 Parts Fried 4 | . 4 Impact Corruptions 6 | . 6 Robots Melted . | . . Combat Hostiles . | . . Parts Melted . | . . Heat Transferred . | . . Parts Sabotaged . | . . Parts Stolen . | . . Parts Stripped . | . . Power Chain Reactions . | . . Alert | -11 -10 ------- Run | Yrd Mat Maximum Alert Level . | . . Low Security (%) 100 | 100 100 Level 1 . | . . Level 2 . | . . Level 3 . | . . Level 4 . | . . Level 5 . | . . High Security . | . . Max Security . | . . Peak Influence 136 | . 136 Initial . | . . Average 44 | . 47 Influence Increases 464 | . 464 Destroy 0b10 Robot/C 300 | . 300 Destroy 0b10 Robot/NC 35 | . 35 Destroy Leader 62 | . 62 Successful Hack 11 | . 11 Disable Machine 15 | . 15 Destroy Structure 26 | . 26 Lose Combat Pursuer 15 | . 15 Influence Decreases 397 | . 397 Time Decay 311 | . 311 Lost Part 30 | . 30 Purge Threat 56 | . 56 Squads Dispatched 4 | . 4 Investigation 3 | . 3 Extermination . | . . Reinforcement 1 | . 1 Assault . | . . Garrison . | . . Intercept . | . . Searches Triggered . | . . Construction Impeded . | . . Haulers Reinforced . | . . Active Scanning Responses . | . . Cargo Convoy Interrupts . | . . Stealth | -11 -10 --------- Run | Yrd Mat Distress Signals 2 | . 2 Communications Jammed . | . . Distress Signals . | . . Times Spotted 22 | . 22 Peak Tracking Total 4 | . 4 Tactical Retreats 1 | . 1 Traps | -11 -10 ------- Run | Yrd Mat Traps Triggered 1 | . 1 Indirectly . | . . Trap Hack Attempts . | . . Triggered . | . . Disarmed . | . . Reprogrammed 4 | . 4 Reused . | . . Traps Extracted . | . . Installed . | . . Triggered . | . . Machines | -11 -10 ---------- Run | Yrd Mat Machines Disabled 1 | . 1 Max in Single Turn 1 | . 1 Machines Repaired . | . . Machines Dismantled . | . . Machines Sabotaged . | . . Overloaded Fab Kills . | . . Hacking | -11 -10 --------- Run | Yrd Mat Machines Accessed 8 | . 8 Terminals 5 | . 5 Fabricators . | . . Repair Stations 1 | . 1 Recycling Units 2 | . 2 Scanalyzers . | . . Garrison Access . | . . Total Hacks 25 | . 25 Successful 14 | . 14 Failed 11 | . 11 Catastrophic 1 | . 1 Database Lockouts . | . . Manual . | . . Terminals 17 | . 17 Fabricators . | . . Repair Stations 4 | . 4 Recycling Units 4 | . 4 Scanalyzers . | . . Garrison Access . | . . Terminal Hacks 7 | . 7 Alert Level 1 | . 1 Unreport Threat 1 | . 1 Locate Traps 2 | . 2 Reprogram Traps 1 | . 1 Assault Status 1 | . 1 Hauler Manifests 1 | . 1 Fabricator Hacks . | . . Repair Station Hacks 3 | . 3 Scan Component 2 | . 2 Repair 1 | . 1 Recycling Unit Hacks 4 | . 4 Report Inventory 2 | . 2 Retrieve Components 2 | . 2 Scanalyzer . | . . Garrison Access Hacks . | . . Unauthorized Hacks . | . . Terminals . | . . Fabricators . | . . Repair Stations . | . . Recycling Units . | . . Scanalyzers . | . . Garrison Access . | . . Data Cores Recovered . | . . Used . | . . Hacking Detections 7 | . 7 Full Trace Events 3 | . 3 Feedback Events . | . . Feedback Blocked . | . . Robot Schematics Acquired . | . . Robots Built . | . . Authchips . | . . Time . | . . Total Robot Build Rating . | . . Part Schematics Acquired . | . . Parts Built . | . . Authchips . | . . Time . | . . Total Part Build Rating . | . . Part Studies Acquired . | . . Parts Repaired 1 | . 1 Time 26 | . 26 Parts Recycled . | . . Recycled Matter . | . . Retrieved Matter . | . . Retrieved Components 9 | . 9 Parts Scanalyzed . | . . Part Schematics Acquired . | . . Parts Damaged . | . . Bothacking | -11 -10 ------------ Run | Yrd Mat Used RIF Installer . | . . Robots Hacked . | . . Non-combat . | . . Combat . | . . Robot Hacks Applied . | . . Relay Couplers Released . | . . Fabnet Peak Effective % . | . . Robots Rewired . | . . Allies Hacked . | . . Hacks Repelled . | . . Allies | -11 -10 -------- Run | Yrd Mat Total Allies . | . . Largest Group . | . . Highest-Rated Group . | . . Highest-Rated Ally . | . . Total Orders . | . . Ally Attacks . | . . Total Damage . | . . Kills . | . . Allies Corrupted . | . . Allies Melted . | . . Intel | -11 -10 ------- Run | Yrd Mat Active Infowar (turns) . | . . Robot Analysis Total . | . . Derelict Logs Recovered . | . . Drone Launches . | . . Drone Recoveries . | . . Exploration | -11 -10 ------------- Run | Yrd Mat Turns Passed 1459 | 79 1380 Spaces Moved 478 | 49 429 Core 159 | 18 141 Treads 319 | 31 288 Legs . | . . Wheels . | . . Hover . | . . Flight . | . . Fastest Speed 50 | 50 160 Average Speed 214 | 143 222 Slowest Speed 350 | 200 350 Overloaded Moves . | . . Propulsion Burnouts . | . . Robots Hopped . | . . Potential Cave-ins . | . . Cave-ins Triggered . | . . Exploration Rate (%) 36 | 4 69 Regions Visited 1 Branch Regions . Pre-discovered Areas . | . . Known Exits Taken . | . . Unknown Exits Taken 1 | 1 . Scrap Searched . | . . Spaces Dug . | . . Terrain Destroyed 28 | . 28 Melee . | . . Projectile . | . . AOE 28 | . 28 Terrain Rammed . | . . Walls Destroyed . | . . Machines Disabled . | . . Actions | -11 -10 --------- Run | Yrd Mat Total 813 | 55 758 Wait 235 | . 235 Move 477 | 48 429 Hop . | . . Pick Up 13 | 1 12 Fast Attach 7 | 6 1 Attach 11 | . 11 Detach 9 | . 9 Swap . | . . Drop 3 | . 3 Fire 31 | . 31 Melee 27 | . 27 Ram . | . . Kick . | . . Crush . | . . Escape Stasis . | . . Rewire . | . . Trap . | . . Miscellaneous . | . . Route ------- -11/Scrapyard -10/Materials (discovered 4 exits: [*Mat x2] / [*Min] / [*Sub]) History --------- Turn | Location | Event 45 | -11/Scrapyard | Discovered new exit (range 15) 80 | -11/Scrapyard | Entered Materials 309 | -10/Materials | Build established: Mutant 447 | -10/Materials | Discovered new exit (range 10) 580 | -10/Materials | Derelicts attacked the area 709 | -10/Materials | Discovered new exit (range 16) 816 | -10/Materials | Repaired Hammer 884 | -10/Materials | Core integrity fell below 50% 1074 | -10/Materials | Discovered new exit (range 16) 1358 | -10/Materials | Discovered new exit (range 16) 1441 | -10/Materials | Core integrity fell below 20% 1460 | -10/Materials | Destroyed by G-34 Mercenary with Small Laser Last Messages --------------- Found 2 haulers: A-02 Transporter 6x Med. Matter Pod A-02 Transporter 2x Grenade Launcher 1x Datajack 3x Seismic Detector 01403_ Connecting with Terminal... 01403_ ALERT: Suspicious activity at Terminal M001. Dispatching Investigation squad. 01425_ G-34 Mercenary knocked back. 01434_ Hammer follow-up attack on G-34 Mercenary. 01434_ G-34 Mercenary destroyed. 01448_ Lgt. Treads destroyed. 01449_ Destroyed Heat Sink. 01449_ G-34 Mercenary system corrupted by crushing effect. 01450_ G-34 Mercenary misfires. 01451_ G-34 Mercenary destroyed. Map ----- +----------------------------------------------------+ | # != # ######### #? """ # | | ? == # ! "" #??###### #? """ # | | ? # "Y" """ #??# # # # | | ? # """ """ #??# " # # # | | ??#####+# #??# T # + !! # | | ??????? ############## " # # !! # | | ????????#?????#^^ # # # # | | ??????????????# """ #==! # #?######? | | ??????????????+ """ #==! # #???????? | | ??????????????# """ #==! + #???????? | | ??????????????#^ # # #???????? | | ??????????????# """ #+#### #???????? | | ??????????????# ^""" # #???????? | | ??????????????# """ + +???????? | | ??????????????# # #???????? | | ??????????????# """ ###### #???????? | | ??????????????#! """ #????# #???????? | | ??????????????# """ #????# #???????? | | ??????????????# #???## #???????? | | ??????????????########???#T #???????? | | ?????????????????????????## #???????? | | ???????????????????######## #???????? | | ???????????????????# # #???????? | | ???????????????????# #* #???????? | | ???????????????????# "%g* +???????? | | ???????????????????# T@# #???????? | | ???????????????????# " # #???????? | | ???????????????????# = # #???????? | | ???????????????????######## #???????? | | ??????????????????????????# #???????? | | ??????????????????????????# < #???????? | | ??????????????????????????? #???????? | | ???????????????????????????####???????? | | ??????????????????????????????????????? | | ??????????????????????????????????????? | | ??????????????????????????????????????? | | ??????????????????????????????????????? | | | | | | | | | | | | | | | | | | | | | | | | | | | +----------------------------------------------------+ Best States ------------- Heat Dissipation 25 Energy Generation 10 Energy Capacity 250 Matter Stores 300 Matter Capacity 300 Sight Range 16 Terrain Scan Density 10 Evasion (%) 40 Recoil Reduction 2 Offensive Hacking 10 Item Schematics ----------------- None Robot Schematics ------------------ None Fabricated ------------ Nothing Repaired ---------- Hammer | 6% | -10/Materials Studied --------- None Alien Tech Used ----------------- None Achievements -------------- None Challenges ------------ None Game ------ Seed PortableDecoyDevice Manual? 0 Play Time 00:11:57 Cumulative 22.2 hours Start 2026.02.15 @ 11:14:48 End 2026.02.15 @ 11:23:30 Sessions 1 Manual Loads 0 Difficulty Rogue Special Mode None Game No. 56 Rogue 56 Adventurer 0 Explorer 0 Win Type - Total 0 Types 0/0/0/0/0/0/0/0/0/0 Lore% 10 Gallery% 23 Achievement% 18 Wizard Run 0 Options --------- Layout 1 ASCII 0 Keyboard 1 Movement Vi Keybinds 0 Fullscreen 1 Font 24/Smallcaps Map View 50x35 Zoom Use 0% Tactical HUD 1 Map Filters NONE Filters NONE Steam 1 RUN: 6ef24cbe-5fd9-4d2a-a313-eb63ece1d923